 Dungeon Crawl Stone Soup version 0.31.0-12-g77e489cdc1 (webtiles) character file.

Game seed: 13996872323283934014

13449 firemarshallily the Destroyer (level 11, -6/130 HPs)
             Began as a Felid Conjurer on Feb 27, 2024.
             Mangled by a skeletal warrior
             ... wielding a +0 mace
              (19 damage)
             ... on level 11 of the Dungeon.
             The game lasted 01:09:40 (17186 turns).

firemarshallily the Destroyer (Felid Conjurer)     Turns: 17186, Time: 01:09:41

Health: -6/130     AC: 25    Str:  9    XL:     11   Next: 75%
Magic:  9/26       EV:  4    Int: 25    God:
Gold:   392        SH:  0    Dex: 22    Spells: 19/30 levels left
                                        Lives:  0   Deaths: 4

rFire   . . .        (weapon unavailable)
rCold   . . .        (shield unavailable)
rNeg    . . .        (body armour unavailable)
rPois   +            (helmet unavailable)
rElec   .            (cloak unavailable)
rCorr   .            (gloves unavailable)
SInv    +            (boots unavailable)
Will    +....        (no amulet) Stlth
                     t - +6 ring of strength
HPRegen 0.41/turn    F - +6 ring of dexterity
MPRegen 0.20/turn

%: no passive effects
@: mighty, berserking (expiring), tree-form, invisible, very quick
A: stationary, stasis, torment immunity, boosted hp, very small, (claws 1),
(fangs 3), see invisible, (shaggy fur 2), (stealthy paws), no weapons or thrown
items, no armour, multi-lived, (iridescent scales 1)
a: no special abilities


You were on level 11 of the Dungeon.
You were a tree.
You visited 2 branches of the dungeon, and saw 13 of its levels.
You also visited: Sewer and Bailey.

You collected 722 gold pieces.
You spent 330 gold pieces at shops.

Inventory:

Jewellery
 t - a +6 ring of strength (left branch)
 F - a +6 ring of dexterity (right branch)
Wands
 n - a wand of polymorph (11)
 r - a wand of acid (20)
 u - a wand of flame (9)
 x - a wand of iceblast (9)
 B - a wand of digging (3)
Scrolls
 b - 5 scrolls of vulnerability
 e - a scroll of poison
 f - 3 scrolls of noise
 g - 4 scrolls of fog
 k - a scroll of fear
 y - a scroll of revelation
 z - a scroll of silence
 A - 2 scrolls of immolation
 C - a scroll of amnesia
 D - a scroll of enchant weapon
 G - a scroll of identify
Potions
 a - 6 potions of enlightenment
 c - a potion of heal wounds
 d - 2 potions of curing
 h - 2 potions of attraction
 j - 2 potions of brilliance
 p - 4 potions of haste
 v - a potion of cancellation
 w - 2 potions of magic


   Skills:
 + Level 7.4 Fighting
 + Level 10.3 Dodging
 - Level 2.9 Stealth
 * Level 10.0 Spellcasting
 * Level 10.5 Conjurations
 - Level 5.0 Summonings


You had 19 spell levels left.
You knew the following spells:

 Your Spells              Type           Power      Damage    Failure   Level
a - Magic Dart            Conj           100%       1d8       1%          1
b - Searing Ray           Conj           100%       2d8       1%          2
c - Fulminant Prism       Conj/Alch      19%        3d10      5%          4
d - Summon Small Mammal   Summ           100%       N/A       1%          1
e - Call Canine Familiar  Summ           37%        N/A       1%          3

Your spell library contained the following spells:

 Spells                   Type           Power      Damage    Failure   Level
 Foxfire                  Conj/Fire      100%       2x1d9     1%          1
 Sting                    Conj/Alch      100%       1d9       1%          1
 Iskenderun's Mystic Bla  Conj/Tloc      38%        2d9       5%          4
 Ensorcelled Hibernation  Hex/Ice        24%        N/A       8%          2
 Lesser Beckoning         Tloc           24%        N/A       8%          2
 Mercury Vapours          Alch/Air       24%        N/A       8%          2
 Gell's Gravitas          Tloc           12%        N/A       14%         3
 Passwall                 Erth           12%        N/A       14%         3
 Swiftness                Air            12%        N/A       14%         3
 Teleport Other           Tloc           12%        N/A       14%         3
 Volatile Blastmotes      Fire/Tloc      24%        2d12      14%         3
 Fireball                 Conj/Fire      19%        3d9       16%         5
 Summon Blazeheart Golem  Fire/Summ      25%        N/A       17%         4
 Summon Lightning Spire   Summ/Air       25%        N/A       17%         4
 Ignite Poison            Fire/Alch      12%        N/A       43%         4
 Leda's Liquefaction      Alch/Erth      6%         N/A       43%         4
 Olgreb's Toxic Radiance  Alch           12%        N/A       43%         4
 Summon Forest            Summ/Tloc      12%        N/A       43%         5
 Summon Hydra             Summ           18%        N/A       99%         7
 Dispersal                Tloc           6%         N/A       100%        6
 Eringya's Noxious Bog    Alch           6%         4d6       100%        6
 Chain Lightning          Conj/Air       19%        3d25      100%        9
 Fire Storm               Conj/Fire      19%        8d5       100%        9
 Shatter                  Erth           6%         3d9*      100%        9


Dungeon Overview and Level Annotations

Branches:
Dungeon (12/15)            Temple (1/1) D:7            Lair (0/5) D:8
    Orc (0/2) D:12          Sewer (visited)          Bailey (visited)

Altars:
Ashenzari
Cheibriados
Dithmenos
Elyvilon
Fedhas
Gozag
Hepliaklqana
Kikubaaqudgha
Makhleb
Nemelex Xobeh
Okawaru
Qazlal
Ru
Sif Muna
Trog
Uskayaw
Vehumet
Wu Jian
Xom
Yredelemnul
Zin
The Shining One

Shops:
D:4 [?(?   D:6 [   D:8 :

Portals:
Trove: D:10 (give 6 potions of haste)

Annotations:
D:7 3 runed translucent doors, seawaffle's ghost, novice TrFi
D:9 3 runed translucent doors, Longtemps's ghost, novice OpFE


Innate Abilities, Weirdness & Mutations

You are a tree.
Your roots penetrate the ground, keeping you stationary.
You cannot be teleported.
You are immune to unholy pain and torment.
Your maximum health is greatly increased.
((You have sharp claws.))
((You have razor-sharp teeth.))
You have supernaturally acute eyesight. (SInv)
((You are covered in thick fur. (AC +2)))
((Your paws help you pounce on unaware monsters.))
You are incapable of wielding weapons or throwing items.
You cannot wear armour.
You gain extra lives every three experience levels.
((You are partially covered in iridescent scales. (AC +2)))


Message History

Your familiar recovers from its injuries.
The skeletal warrior barely misses you.
The skeletal warrior hits you but does no damage.
You closely miss the skeletal warrior.
The skeletal warrior hits you but does no damage.
The skeletal warrior hits you with a +0 mace!
* * * LOW HITPOINT WARNING * * *
You strike the helpless skeletal warrior from behind!
You smack the skeletal warrior!
The skeletal warrior is lightly damaged.
The skeletal warrior hits you with a +0 mace!
* * * LOW HITPOINT WARNING * * *
You hit the skeletal warrior but do no damage.
The skeletal warrior is lightly damaged.
The skeletal warrior hits you but does no damage.
You catch the helpless skeletal warrior completely off-guard!
You smack the skeletal warrior!
The skeletal warrior is moderately damaged.
The skeletal warrior hits you with a +0 mace.
* * * LOW HITPOINT WARNING * * *
The skeletal warrior hits you with a +0 mace!
* * * LOW HITPOINT WARNING * * *
You hit the skeletal warrior. Your punch misses the skeletal warrior.
The skeletal warrior is moderately damaged.
You catch the helpless skeletal warrior completely off-guard!
You smack the skeletal warrior!
The skeletal warrior is heavily damaged.
The skeletal warrior barely misses you.
The skeletal warrior hits you but does no damage.
You catch the helpless skeletal warrior completely off-guard!
You hit the skeletal warrior but do no damage.
The skeletal warrior is heavily damaged.
The skeletal warrior hits you with a +0 mace.
* * * LOW HITPOINT WARNING * * *
You smack the skeletal warrior!
The skeletal warrior is lightly damaged.
You hit the skeletal warrior but do no damage.
The skeletal warrior is lightly damaged.
The skeletal warrior hits you with a +0 mace!!
You die...

....##.##..#.#
#.#.##.##..#.# ##
#.#.##§##..#.#
z...####.#.##§##..#.#
.......÷...zzW§...#z#
########...#####.##.#
#..## #.##z#
########.## #z##.#
....z....# #♣##.#
#.z.###### #z##.#
#)### #z##.# #.###
#....# z.z.# ######
..### .z# #.#####
...[..#


You could see 3 skeletal warriors.

Vanquished Creatures
  An orc warlord (Bailey)
  2 two-headed ogres
  Sonja (D:11)
  A skeletal warrior (D:11)
  A cyclops (D:6)
  A troll (D:9)
  A dream sheep (D:11)
  Sigmund (D:6)
  2 wraiths (D:12)
  A wyvern (D:7)
  12 yaks
  A steam dragon (D:9)
  A hog (shapeshifter) (D:10)
  2 vampire mosquitoes (D:11)
  4 water moccasins
  5 black bears
  7 orc warriors
  2 sky beasts
  4 ice beasts
  An ogre (D:6)
  2 centaurs
  2 phantoms
  4 kobold brigands
  3 bullfrogs
  5 scorpions
  7 wights (D:10)
  6 killer bees (D:9)
  A howler monkey (D:11)
  3 bombardier beetles
  9 orc priests
  4 hounds
  Crazy Yiuf (D:2)
  A gnoll bouda (D:11)
  An iguana (D:4)
  2 sleepcaps
  Natasha (thrice) (D:3)
  13 orc wizards
  14 gnolls
  12 adders
  A river rat (D:3)
  A shadow imp (D:7)
  A white imp (D:5)
  2 dart slugs
  7 ribbon worms
  46 orcs
  3 bats
  6 endoplasms
  2 giant cockroaches
  13 goblins
  7 hobgoblins
  13 jackals
  5 quokkas
  3 ball pythons (D:2)
  5 frilled lizards
  29 kobolds
  12 rats
300 creatures vanquished.

Vanquished Creatures (collateral kills)
  Nergalle (D:10)
  A troll (D:10)
  A shadow (D:12)
  A wraith (D:10)
  A steam dragon (D:8)
  A centaur (D:9)
  A gnoll sergeant (D:10)
  A wight (D:10)
  An orc wizard (D:8)
  3 gnolls
  2 orcs
  A hobgoblin (Bailey)
  A kobold (D:10)
16 creatures vanquished.

Vanquished Creatures (others)
  78 fulminant prisms
78 creatures vanquished.

Grand Total: 394 creatures vanquished

Notes
Turn   | Place    | Note
-------+----------+-------------------------------------------
     0 | D:1      | firemarshallily the Felid Conjurer began the quest for the
                  | Orb.
     0 | D:1      | Reached XP level 1. HP: 9/9 MP: 4/4
   196 | D:1      | Reached XP level 2. HP: 11/14 MP: 0/6
   302 | D:1      | Learned a level 2 spell: Searing Ray
   691 | D:1      | Found a faded altar of an unknown god.
   722 | D:1      | Reached XP level 3. HP: 11/17 MP: 1/7
   761 | D:1      | Reached skill level 1 in Fighting
  1614 | D:2      | Found a runed translucent door.
  1615 | D:2      | Noticed Crazy Yiuf
  1621 | D:2      | Killed Crazy Yiuf
  1622 | D:2      | Reached XP level 4. HP: 22/22 MP: 4/9
  1622 | D:2      | Gained a life (2 lives remaining)
  2010 | D:2      | Slain by a ribbon worm
  2010 | D:2      | Lost a life (1 life remaining)
  2350 | D:3      | Reached XP level 5. HP: 21/25 MP: 4/10
  2500 | D:3      | Found a glowing drain.
  2504 | Sewer    | Entered a sewer
  2652 | Sewer    | Gained mutation: You are covered in thick fur. (AC +2)
                  | [Felid growth]
  2652 | Sewer    | Reached XP level 6. HP: 29/30 MP: 8/12
  2855 | Sewer    | Found a glowing silver altar of Zin.
  3058 | D:3      | Learned a level 4 spell: Fulminant Prism
  3094 | D:3      | Identified a scroll of acquirement
  3096 | D:3      | Acquired the Incunable of the Generative Ouroboros
  3100 | D:3      | Learned a level 1 spell: Summon Small Mammal
  3162 | D:3      | Noticed Natasha
  3178 | D:3      | Killed Natasha
  3179 | D:3      | Reached skill level 5 in Conjurations
  3434 | D:3      | Noticed Natasha
  3445 | D:3      | Killed Natasha
  3788 | D:3      | Identified the +4 plate armour of Cijekorr {rElec rCorr
                  | Dex-5}
  3905 | D:3      | Found a snail-covered altar of Cheibriados.
  3928 | D:3      | Noticed a water moccasin
  3940 | D:3      | Killed a water moccasin
  3941 | D:3      | Reached XP level 7. HP: 18/35 MP: 3/14
  3941 | D:3      | Gained a life (2 lives remaining)
  4337 | D:3      | Reached skill level 5 in Dodging
  4367 | D:3      | Noticed Natasha
  4875 | D:3      | Killed Natasha
  5098 | D:4      | Reached skill level 5 in Spellcasting
  5358 | D:4      | Found Huinakiu's Magic Scroll Shop.
  5383 | D:4      | Bought a scroll of blinking for 97 gold pieces
  5383 | D:4      | Bought a scroll of fog for 52 gold pieces
  5442 | D:4      | Found Kaerahae's Antique Armour Boutique.
  5579 | D:4      | Found Iliedd's Magic Scroll Shop.
  5637 | D:4      | Found Neawel's Weapon Emporium.
  5659 | D:4      | Reached XP level 8. HP: 34/40 MP: 6/16
  6820 | D:5      | Entered Level 5 of the Dungeon
  7908 | D:6      | Found Ihisaq's Antique Armour Shoppe.
  8064 | D:6      | Found a stormy altar of Qazlal.
  8074 | D:6      | Found an opulent altar of Gozag.
  8077 | D:6      | Noticed Sigmund
  8084 | D:6      | Killed Sigmund
  8085 | D:6      | Reached skill level 1 in Summonings
  9008 | D:6      | Reached XP level 9. HP: 25/46 MP: 12/19
  9173 | D:6      | Noticed a cyclops
  9360 | D:6      | Killed a cyclops
  9638 | D:7      | Found a staircase to the Ecumenical Temple.
  9653 | Temple   | Entered the Ecumenical Temple
  9696 | D:7      | Found a runed translucent gate.
  9696 | D:7      | Found a runed translucent gate.
  9696 | D:7      | Found a runed translucent gate.
  9697 | D:7      | Noticed seawaffle's ghost (novice TrFi)
  9826 | D:7      | Reached skill level 5 in Fighting
  9837 | D:7      | Found a flagged portal.
  9960 | Bailey   | Entered a bailey
 10085 | Bailey   | Learned a level 3 spell: Call Canine Familiar
 10087 | Bailey   | Noticed an orc warlord
 10211 | Bailey   | Found a runed translucent gate.
 10212 | Bailey   | Found a runed translucent gate.
 10213 | Bailey   | Found a runed translucent gate.
 10540 | Bailey   | Killed an orc warlord
 10541 | Bailey   | Reached XP level 10. HP: 51/51 MP: 7/22
 11094 | D:4      | Bought a scroll of amnesia for 44 gold pieces
 11094 | D:4      | Bought a scroll of enchant weapon for 82 gold pieces
 11094 | D:4      | Bought a scroll of vulnerability for 44 gold pieces
 11094 | D:4      | Bought a scroll of noise for 11 gold pieces
 11097 | D:4      | Acquired Laummast's Spellbook of Incineration
 11993 | D:8      | Slain by a yak
 11993 | D:8      | Lost a life (1 life remaining)
 12440 | D:8      | Found a staircase to the Lair.
 12837 | D:8      | Found Qargh's Book Boutique.
 12968 | D:8      | Found a hide-covered altar of Uskayaw.
 13449 | D:9      | Found a runed translucent gate.
 13449 | D:9      | Found a runed translucent gate.
 13450 | D:9      | Found a runed translucent gate.
 13452 | D:9      | Noticed Longtemps's ghost (novice OpFE)
 13466 | D:9      | Reached skill level 5 in Summonings
 13470 | D:9      | Reached XP level 11. HP: 55/58 MP: 1/24
 13470 | D:9      | Gained a life (2 lives remaining)
 13732 | D:9      | You fall into a shaft and drop 3 floors!
 13820 | D:12     | Noticed a white ugly thing
 13947 | D:11     | Noticed Sonja
 13953 | D:11     | Killed Sonja
 13964 | D:11     | Noticed a two-headed ogre
 14072 | D:10     | Entered Level 10 of the Dungeon
 14072 | D:10     | Noticed a two-headed ogre
 14147 | D:9      | HP: 1/58 [troll (7)]
 14966 | D:10     | Killed a two-headed ogre
 15178 | D:10     | Noticed Nergalle
 15194 | D:10     | Mangled by a spectral orc knight
 15194 | D:10     | Lost a life (1 life remaining)
 15739 | D:10     | Reached skill level 10 in Conjurations
 16086 | D:10     | Found a portal to a secret trove of treasure.
 16087 | D:10     | Found a shimmering blue altar of Sif Muna.
 16168 | D:10     | Killed Nergalle
 16169 | D:10     | Reached skill level 10 in Dodging
 16498 | D:11     | Killed a two-headed ogre
 16691 | D:11     | Noticed a skeletal warrior
 16696 | D:11     | Noticed a skeletal warrior
 16698 | D:11     | Noticed a skeletal warrior
 16705 | D:11     | Noticed a skeletal warrior
 16705 | D:11     | Mangled by a skeletal warrior
 16705 | D:11     | Lost a life (0 lives remaining)
 16835 | D:11     | Noticed a skeletal warrior
 16857 | D:11     | Killed a skeletal warrior
 16858 | D:11     | Reached skill level 10 in Spellcasting
 17172 | D:11     | Gained mutation: You are partially covered in iridescent
                  | scales. (AC +2) [potion of mutation]
 17186 | D:11     | Mangled by a skeletal warrior

Illustrated notes

Levels and vault maps discovered:
D:1:      nzn_arrival_depleted_hourglass, layout_rooms,
          hellmonk_ecumenical_altar_pennies_from_heaven
D:2:      layout_basic, uniq_crazy_yiuf_cottage
D:3:      layout_loops_cross, old_standard_altar, lightli_sewer_entry_pipes,
          nrook_mini_vaults, uniq_natasha
D:4:      layout_layer_cave, serial_shops, nicolae_stop_n_shop_2,
          nicolae_shop_peninsula, shop_statue, shop,
          chequers_serial_rivers_micro_c, kennysheep_small_circle
D:5:      layout_gridville, minmay_misc_feat_plants
D:6:      layout_loops_corners, chequers_temple_overflow_statue_of_worship,
          nicolae_stop_n_shop_1, hangedman_minor_gate_pass, uniq_sigmund
D:7:      layout_cave_pools, minmay_temple_entry_ruins, enter_bailey_5,
          gammafunk_ghost_necromancy, grunt_decor_one_mirror,
          minmay_fractal_squares_gapless_5
D:8:      layout_basic, nicolae_uskayaw_suspiria, due_lair_maze_entry_diamond,
          serial_shops, shop
D:9:      layout_basic, gammafunk_ghost_spectres
D:10:     layout_irregular_city, lemuel_crystal_altar,
          nicolae_trove_entry_free_sample, uniq_nergalle
D:11:     layout_basic, dreamdust_gnoll_shepherd, uniq_sonja
D:12:     layout_small_grid, hiddenorc2_lemuel
Temple:   bh_familiar_temple

Skill      XL: |  1  2  3  4  5  6  7  8  9 10 11 |
---------------+----------------------------------+-----
Dodging        | 3 4 5 6 8 9 10 | 10.3
Fighting       | 1 2 3 4 5 6 7 |  7.4
Conjurations   | 4 5 6 7 8 9 10 | 10.5
Spellcasting   | 3 4 5 6 7 8 10 | 10.0
Summonings     | 2 3 5 |  5.0
Stealth        | |  2.9

Action                     |  1- 3 |  4- 6 |  7- 9 | 10-12 || total
---------------------------+-------+-------+-------+-------++-------
  Melee: Unarmed           |    28 |    45 |    37 |   111 ||   221
         Bite              |     5 |     5 |     6 |    19 ||    35
         Punch             |       |       |       |     1 ||     1
   Cast: Magic Dart        |    62 |    92 |   120 |   126 ||   400
         Searing Ray       |     4 |    20 |    49 |    69 ||   142
         Summon Small Mamm |       |    11 |    22 |    34 ||    67
         Fulminant Prism   |       |       |    18 |    60 ||    78
         Call Canine Famil |       |       |     2 |    25 ||    27
    Use: Scroll            |       |     6 |    11 |    19 ||    36
         Potion            |       |     3 |     7 |     8 ||    18
   Stab: Sleeping          |     1 |     1 |       |     2 ||     4
         Invisible         |       |       |       |     4 ||     4
         Distracted        |       |       |       |     1 ||     1
 Armour: Skin              |     6 |    42 |    49 |   117 ||   214
  Dodge: Dodged            |    29 |    76 |   109 |   341 ||   555
